 Dungeon Crawl Stone Soup version 0.28-a0-794-gafe8c5f9e9 (webtiles) character file.

Game seed: 6964395111275380114

98 Twinkles the Sneak (level 4, -4/22 HPs)
             Began as a Spriggan Venom Mage on Nov 5, 2021.
             Shot with an arrow by a centaur (9 damage)
             ... on level 3 of the Dungeon.
             The game lasted 00:13:04 (3294 turns).

Twinkles the Sneak (Spriggan Venom Mage)            Turns: 3294, Time: 00:13:05

Health: -4/22      AC:  2    Str:  5    XL:     4   Next: 44%
Magic:  0/9        EV: 18    Int: 16    God:
Gold:   121        SH:  0    Dex: 15    Spells: 2/8 levels left

rFire   . . .      SeeInvis +   h - +0 whip (vamp)
rCold   . . .      Faith    .   (shield restricted)
rNeg    . . .      Spirit   .   a - +0 robe
rPois   .          Reflect  .   (helmet restricted)
rElec   .          Harm     .   (no cloak)
rCorr   .          Rampage  .   (gloves unavailable)
Will    .....                   (boots unavailable)
Stlth   +++.......              (no amulet)
HPRegen 0.07/turn               (no ring)
MPRegen 0.11/turn               (no ring)

@: very quick
A: very small, no large weapons, unfitting armour, see invisible, speed 3
a: no special abilities


You were on level 3 of the Dungeon.
You visited 1 branch of the dungeon, and saw 3 of its levels.

You collected 121 gold pieces.

Inventory:

Hand Weapons
 h - a +0 vampiric whip (weapon)
Missiles
 c - 22 poisoned darts
 d - 20 sling bullets
 s - 55 stones
Armour
 a - a +0 robe (worn)
Scrolls
 b - 3 scrolls of blinking {unknown}
 e - a scroll of noise {unknown}
 f - a scroll of holy word {unknown}
 i - a scroll of magic mapping {unknown}
Potions
 g - a potion of cancellation {unknown}


   Skills:
 + Level 1.2 Fighting
 + Level 3.5 Dodging
 + Level 4.0 Stealth
 - Level 2.6 Spellcasting
 - Level 2.3 Transmutations
 + Level 0.5 Air Magic
 + Level 3.7 Poison Magic


You had 2 spell levels left.
You knew the following spells:

 Your Spells              Type           Power      Damage    Failure   Level
a - Sting                 Tmut/Pois      44%        1d5       5%          1
b - Poisonous Vapours     Pois/Air       18%        N/A       12%         2
c - Mephitic Cloud        Conj/Pois/Air  6%         N/A       32%         3

Your spell library contained the following spells:

 Spells                   Type           Power      Damage    Failure   Level
 Olgreb's Toxic Radiance  Pois           14%        N/A       38%         4


Dungeon Overview and Level Annotations

Branches:
Dungeon (3/15)

Altars:

Shops:
D:3 *


Innate Abilities, Weirdness & Mutations

You are very small and have problems with some larger weapons.
You are too small for most types of armour.
You have supernaturally acute eyesight. (SInv)
You cover ground extremely quickly. (Speed+++)


Message History

Poisonous vapours surround the orc!
The orc looks even sicker.
You barely miss the orc.
The orc is lightly wounded.
The centaur shoots an arrow.
The arrow hits you!
Ouch! That really hurt!
The orc misses you.
Aiming: Poisonous Vapours (safe; 12% risk of failure)
Press: ? - help, Q - select action, (/) - cycle Dir - move target, p - orc
Okay, then.
The orc closely misses you.
Aiming: Poisonous Vapours (safe; 12% risk of failure)
Press: ? - help, Q - select action, (/) - cycle Dir - move target, f - centaur, p - orc
Aim: a centaur, wielding a +0 shortbow and quivering arrows Poisonous vapours surround the centaur!
The centaur is poisoned.
The centaur shoots an arrow.
The arrow closely misses you. The orc completely misses you.
Aiming: Poisonous Vapours (safe; 12% risk of failure)
Press: ? - help, Q - select action, (/) - cycle Dir - move target, f/p - centaur
Aim: a centaur, wielding a +0 shortbow and quivering arrows (lightly wounded, poisoned) Poisonous vapours surround the centaur!
The centaur looks even sicker.
The orc misses you.
You don't have enough magic to cast this spell.
Unknown command.
Unknown command.
The centaur shoots an arrow.
The arrow misses you.
The centaur shoots an arrow.
The arrow hits you!
* * * LOW HITPOINT WARNING * * *
You closely miss the orc.
The orc is almost dead.
The orc completely misses you.
You hit the orc.
You kill the orc!
The centaur shoots an arrow.
The arrow misses you.
Aiming: Poisonous Vapours (safe; 12% risk of failure)
Press: ? - help, Q - select action, (/) - cycle Dir - move target, f/p - centaur
Aim: a centaur, wielding a +0 shortbow and quivering arrows (heavily wounded, poisoned) Poisonous vapours surround the centaur!
The centaur looks even sicker.
The centaur shoots an arrow.
The arrow misses you.
The centaur shoots an arrow.
The arrow hits you!
You die...

. .. ####### J###
#.@)..## ...#
#.##.∩.##### #.<
#...##c....#### #.
###...........#####
+.....c..........
##................
#.................
#..................
...................


You could see a centaur (very poisoned).

Vanquished Creatures
  3 gnolls (D:2)
  2 adders
  2 dart slugs
  An orc (D:3)
  6 ball pythons
  6 endoplasms
  A giant cockroach (D:3)
  4 goblins
  2 hobgoblins
  7 jackals (D:2)
  A quokka (D:2)
  2 bats
  3 frilled lizards
  3 kobolds (D:2)
  3 rats
46 creatures vanquished.

Vanquished Creatures (others)
  9 plants (D:2)
9 creatures vanquished.

Grand Total: 55 creatures vanquished

Notes
Turn   | Place    | Note
-------+----------+-------------------------------------------
     0 | D:1      | Twinkles the Spriggan Venom Mage began the quest for the
                  | Orb.
     0 | D:1      | Reached XP level 1. HP: 9/9 MP: 5/5
   608 | D:1      | Reached XP level 2. HP: 13/13 MP: 4/6
   713 | D:1      | Found a faded altar of an unknown god.
  1195 | D:2      | Reached XP level 3. HP: 17/17 MP: 5/8
  1496 | D:2      | Learned a level 2 spell: Poisonous Vapours
  1500 | D:2      | Learned a level 3 spell: Mephitic Cloud
  1636 | D:2      | Reached skill level 1 in Fighting
  2023 | D:2      | Reached XP level 4. HP: 22/22 MP: 4/9
  2774 | D:3      | Noticed a centaur
  2780 | D:3      | Reached skill level 4 in Stealth
  3273 | D:3      | Found Udaotwyps's Assorted Antiques.
  3288 | D:3      | HP: 5/22 [centaur/arrow (7)]
  3294 | D:3      | Shot with an arrow by a centaur

Illustrated notes

Levels and vault maps discovered:
D:1:      giann_forest_graveyard, layout_basic,
          shapermc_ecumenical_altar_totnotflames
D:2:      layout_rooms, serial_forest, infiniplex_forest_split,
          infiniplex_forest_straight_3, infiniplex_forest_lined_2,
          infiniplex_forest_straight_3, infiniplex_forest_clump_curved,
          infiniplex_forest_lined_2, infiniplex_forest_lined_2,
          infiniplex_forest_straight_2, minivault_19
D:3:      layout_rooms, serial_shops, shop, grunt_ministairs_15,
          uniq_crazy_yiuf_cottage

Skill      XL: |  1  2  3  4 |
---------------+-------------+-----
Dodging        | 3 |  3.5
Transmutations | 2 |  2.3
Fighting       | 1 |  1.2
Stealth        | 4 |  4.0
Spellcasting   | |  2.6
Air Magic      | |  0.5
Poison Magic   | |  3.7

Action                   |  1- 3 |  4- 6 || total
-------------------------+-------+-------++-------
Melee: Unarmed           |     5 |       ||     5
       Whip              |     6 |    13 ||    19
 Cast: Sting             |    32 |     4 ||    36
       Poisonous Vapours |    13 |    25 ||    38
 Stab: Sleeping          |     1 |       ||     1
Armor: Robe              |     1 |     1 ||     2
Dodge: Dodged            |    14 |    16 ||    30

Table legend: (Time is in decaauts)
 A = Elapsed time spent in this place.
 B = Non-inter-level travel time spent in this place.
 C = Inter-level travel time spent in this place.
 D = Time resting spent in this place.
 E = Time spent auto-exploring this place.
 F = Levels seen in this place.
 G = Mean time per level.
                   A        B        C        D        E       F      G
               +--------+--------+--------+--------+--------+-----+--------+
         Total |   2499 |   2434 |     65 |    318 |   1649 |   3 |  833.0 |
       Dungeon |   2499 |   2434 |     65 |    318 |   1649 |   3 |  833.0 |
               +--------+--------+--------+--------+--------+-----+--------+

Top non-repeatable levels by time:
     D:2: 1549 daAuts
     D:1: 655 daAuts
     D:3: 294 daAuts
